 Dungeon Crawl Stone Soup version 0.22.0-16-gc6d26f6 (webtiles) character file.

393 HallandMoats the Skirmisher (level 6, -10/49 HPs)
             Began as a Demonspawn Fighter on Aug 17, 2018.
             Mangled by an orc warrior
             ... wielding a +0 short sword
              (12 damage)
             ... on level 4 of the Dungeon.
             The game lasted 00:05:11 (3548 turns).

HallandMoats the Skirmisher (Demonspawn Fighter)    Turns: 3548, Time: 00:05:12

Health: -10/49     AC:  9    Str: 19    XL:     6   Next: 51%
Magic:  6/6        EV: 10    Int:  9    God:
Gold:   130        SH:  6    Dex: 15    Spells: 5/5 levels left

rFire    . . .     SeeInvis .   p - +2 scimitar (slice)
rCold    . . .     Gourm    .   o - +1 buckler
rNeg     . . .     Faith    .   b - +0 scale mail
rPois    .         Spirit   .   (helmet restricted)
rElec    .         Reflect  .   (no cloak)
rCorr    .         Harm     .   (no gloves)
MR       .....                  (no boots)
Stlth    ..........             (no amulet)
HPRegen  0.16/turn              l - ring of flight
MPRegen  0.10/turn              k - +3 ring of dexterity

@: no status effects
A: antennae 1, slimy green scales 2
a: Evoke Flight


You were on level 4 of the Dungeon.
You were not hungry.

You visited 1 branch of the dungeon, and saw 4 of its levels.

You collected 130 gold pieces.

Inventory:

Hand Weapons
 a - a +0 war axe
 p - a +2 scimitar of slicing (weapon)
Armour
 b - a +0 scale mail (worn)
 o - a +1 buckler (worn)
Jewellery
 k - a +3 ring of dexterity (right hand)
 l - a ring of flight (left hand)
Wands
 c - a wand of digging (12)
Scrolls
 q - a scroll of fog
Potions
 e - a potion of degeneration {unknown}
 g - a potion of lignification {unknown}
 h - a potion of brilliance {unknown}
Comestibles
 f - 8 rations


   Skills:
 * Level 4.6 Fighting
 * Level 3.6 Axes
 + Level 3.4 Armour
 + Level 2.0 Dodging
 * Level 3.7 Shields


You had 5 spell levels left.
You didn't know any spells.
Your spell library was empty.

Dungeon Overview and Level Annotations

Branches:
Dungeon (4/15)
 Temple: D:4-7

Altars:
Trog


Innate Abilities, Weirdness & Mutations

You have a pair of small antennae on your head.
You are mostly covered in slimy green scales. (AC +3)


Message History

You hit the orc warrior.
The orc warrior is severely wounded.
The orc closely misses you.
You riposte.
Your scale mail prevents you from hitting the orc.
The orc warrior closely misses you. The orc hits you but does no damage. x2
You barely miss the orc warrior.
The orc warrior is severely wounded.
You block the orc warrior's attack. The orc hits you with a whip.
* * * LOW HITPOINT WARNING * * *
The orc grunts loudly, in orcish tradition.
The orc barely misses you.
The orc warrior hits you with a short sword.
* * * LOW HITPOINT WARNING * * *
You block the orc's attack.
You closely miss the orc warrior.
The orc warrior is severely wounded.
The orc barely misses you.
You riposte.
You hit the orc.
You kill the orc!
The orc warrior hits you with a short sword!
You die...

#....#
#.#########.#
#.##........#
#.#..#..#####
#.>.###..#
###..#...#######.
##...#.........
##.##.#######.
#..@o# ###o)#
#..# #..####
#.....# ##
#..##o# ..
##..##.##.###
#...##.o.o[o##
#..#...........


You could see an orc warrior and an orc.

Vanquished Creatures
  Sigmund (D:3)
  An ice beast (D:4)
  A hound (D:4)
  6 adders
  2 dart slugs (D:1)
  A leopard gecko (D:3)
  8 orcs
  2 giant cockroaches
  4 goblins
  9 hobgoblins
  3 jackals (D:3)
  5 kobolds (D:2)
  A ball python (D:4)
  7 bats
  4 frilled lizards
  A leopard gecko skeleton (D:4)
  7 rats
63 creatures vanquished.

Notes
Turn   | Place    | Note
-------+----------+-------------------------------------------
     0 | D:1      | HallandMoats the Demonspawn Fighter began the quest for the Orb.
     0 | D:1      | Reached XP level 1. HP: 18/18 MP: 1/1
   168 | D:1      | Gained mutation: You are partially covered in slimy green scales. (AC +2) [demonic ancestry]
   168 | D:1      | Reached XP level 2. HP: 20/24 MP: 2/2
  1181 | D:2      | Reached XP level 3. HP: 18/29 MP: 3/3
  1534 | D:2      | Found a bloodstained altar of Trog.
  1721 | D:2      | Reached skill level 1 in Dodging
  2158 | D:2      | Reached XP level 4. HP: 33/37 MP: 4/4
  2256 | D:3      | Noticed Sigmund
  2625 | D:3      | Killed Sigmund
  2625 | D:3      | Reached skill level 4 in Fighting
  2625 | D:3      | Gained mutation: You have a pair of small antennae on your head. [demonic ancestry]
  2625 | D:3      | Reached XP level 5. HP: 29/42 MP: 5/5
  3413 | D:4      | Gained mutation: You are mostly covered in slimy green scales. (AC +3) [demonic ancestry]
  3413 | D:4      | Reached XP level 6. HP: 49/49 MP: 6/6
  3458 | D:4      | Noticed an ice beast
  3465 | D:4      | Killed an ice beast
  3513 | D:4      | Noticed an orc warrior
  3547 | D:4      | HP: 2/49 [orc warrior/short sword (5)]
  3548 | D:4      | Mangled by an orc warrior

Skill      XL: |  1  2  3  4  5  6 |
---------------+-------------------+-----
Axes           | 2 3 |  3.6
Armour         | 3 |  3.4
Dodging        | 1 2 |  2.0
Fighting       | 4 |  4.6
Shields        | 3 |  3.7

Action                   |  1- 3 |  4- 6 || total
-------------------------+-------+-------++-------
Melee: War axe           |   123 |    64 ||   187
       Scimitar          |       |     8 ||     8
  Use: Potion            |       |     3 ||     3
       Scroll            |       |     9 ||     9
  Eat: Chunk             |     4 |     5 ||     9
Armor: Scale mail        |   125 |    34 ||   159
Dodge: Dodged            |   111 |    47 ||   158
Block: Buckler           |     1 |    25 ||    26
       Rpst.: Scimitar   |       |     2 ||     2
